 Dungeon Crawl Stone Soup version 0.26.0-10-g1f06aea511 (webtiles) character file.

Game seed: 10792259558313776322

12897 night the Thaumaturge (level 11, -13/89 HPs)
             Began as a Yellow Draconian Venom Mage on Jan 22, 2021.
             Was an Elder of Sif Muna.
             Mangled by a seven-headed hydra (17 damage)
             ... on level 1 of the Lair of Beasts.
             The game lasted 00:42:09 (15807 turns).

night the Thaumaturge (DrVM)                       Turns: 15807, Time: 00:42:10

Health: -13/89     AC: 11    Str: 10    XL:     11   Next: 68%
Magic:  19/26      EV: 14    Int: 18    God:    Sif Muna [****..]
Gold:   352        SH:  5    Dex: 13    Spells: 22/33 levels left

rFire    . . .     SeeInvis .   L - +4 scimitar (flame)
rCold    . . .     Faith    +   s - +0 buckler
rNeg     . . .     Spirit   .   (armour unavailable)
rPois    +         Reflect  .   (helmet restricted)
rElec    .         Harm     .   A - +1 cloak
rCorr    +         Rampage  .   j - +1 pair of gloves
Will     +....                  (no boots)
Stlth    ++........             o - amulet of faith
HPRegen  0.24/turn              I - ring of willpower
MPRegen  0.20/turn              f - ring of poison resistance

@: no status effects
A: spit acid, unfitting armour, cold-blooded, acid resistance, AC +7
a: Breathe Acid, Renounce Religion, Channel Magic, Forget Spell, Divine Exegesis


You were on level 1 of the Lair of Beasts.
You worshipped Sif Muna.
Sif Muna was greatly pleased with you.
You visited 2 branches of the dungeon, and saw 11 of its levels.

You collected 456 gold pieces.
You spent 104 gold pieces at shops.

Inventory:

Hand Weapons
 h - a +0 short sword
 n - a +0 dagger
 w - a +0 long sword
 z - a +2 hand axe
 L - a +4 scimitar of flaming (weapon)
 N - a +3 scimitar of freezing
 S - a +2 scimitar of holy wrath
Missiles
 i - 222 stones
 l - 208 arrows
 m - 121 sling bullets
 t - 4 curare-tipped darts
 E - 28 bolts
 H - 25 poisoned darts
 M - a throwing net
 P - 4 boomerangs
Armour
 j - a +1 pair of gloves (worn)
 s - a +0 buckler (worn)
 A - a +1 cloak (worn)
Jewellery
 b - an uncursed ring of see invisible
 c - a +6 ring of dexterity
 e - an uncursed ring of fire
 f - a ring of poison resistance (right hand)
 o - an amulet of faith (around neck)
 G - an uncursed amulet of reflection
 I - a ring of willpower (left hand)
 R - an uncursed ring of ice
Wands
 C - a wand of paralysis (7)
 F - a wand of acid (6)
 J - a wand of polymorph (6)
 K - a wand of disintegration (6)
Scrolls
 a - 4 scrolls of remove curse
 p - 2 scrolls of amnesia
 x - 4 scrolls of teleportation
 y - 3 scrolls of fog
 B - 2 scrolls of enchant weapon
Potions
 d - 4 potions of flight
 g - 3 potions of might
 k - 2 potions of curing
 q - a potion of attraction
 r - a potion of magic {unknown}
 u - 2 potions of ambrosia
 v - 4 potions of heal wounds
 O - a potion of haste
 Q - a potion of resistance


   Skills:
 + Level 5.7 Fighting
 + Level 5.2 Dodging
 - Level 1.7 Stealth
 - Level 4.9 Shields
 + Level 11.5 Spellcasting
 - Level 1.0 Transmutations
 - Level 4.9 Ice Magic
 - Level 10.0 Poison Magic
 + Level 1.2 Invocations


You had 22 spell levels left.
You knew the following spells:

 Your Spells              Type           Power        Failure   Level
a - Sting                 Tmut/Pois      100%         1%          1
b - Mephitic Cloud        Conj/Pois/Air  22%          5%          3
c - Ignite Poison         Fire/Tmut/Pois 23%          4%          3
d - Olgreb's Toxic Radia  Pois           46%          1%          4

Your spell library contained the following spells:

 Spells                   Type           Power        Failure   Level
 Poisonous Vapours        Pois/Air       56%          1%          2
 Ensorcelled Hibernation  Hex/Ice        38%          3%          2
 Animate Skeleton         Necr           20%          7%          1
 Apportation              Tloc           20%          7%          1
 Corona                   Hex            11%          7%          1
 Summon Small Mammal      Summ           40%          7%          1
 Call Imp                 Summ           10%          11%         2
 Call Canine Familiar     Summ           10%          21%         3
 Confusing Touch          Hex            10%          21%         3
 Dazzling Flash           Conj/Hex       20%          21%         3
 Summon Guardian Golem    Hex/Summ       10%          21%         3
 Tukima's Dance           Hex            10%          21%         3
 Summon Ice Beast         Ice/Summ       19%          24%         4
 Summon Lightning Spire   Summ/Air       10%          56%         4


Dungeon Overview and Level Annotations

Branches:
Dungeon (10/15)            Temple (0/1) D:5            Lair (1/6) D:8
    Orc: D:9-12

Altars:
Elyvilon
Gozag
Hepliaklqana
Kikubaaqudgha
Makhleb
Nemelex Xobeh
Qazlal
Ru
Sif Muna
Xom
Zin
The Shining One

Shops:
D:5 !}[   D:7 }   D:10 [

Annotations:
D:2 exclusion: door
D:5 3 runed translucent doors, mopl's ghost, amateur DsEn
D:7 3 runed translucent doors, Pevabim's ghost, novice SpEn
D:8 1 runed translucent door, denisd0's ghost, novice OpEE
Lair:1 exclusion: 4 oklob plants


Innate Abilities, Weirdness & Mutations

You can spit globs of acid.
Your golden yellow scales are hard. (AC +7)
You cannot fit into any form of body armour.
You are cold-blooded and may be slowed by cold attacks.
You are resistant to acid. (rCorr)


Message History

The flame cauterises the wound!
You slash the seven-headed hydra! You burn the seven-headed hydra.
The seven-headed hydra is moderately wounded.
The seven-headed hydra is engulfed in blazing flames.
The seven-headed hydra bites you! x2
The seven-headed hydra barely misses you.
The seven-headed hydra bites you. The seven-headed hydra misses you.
The seven-headed hydra bites you.
The seven-headed hydra closely misses you.
The seven-headed hydra is engulfed in blazing flames.
The seven-headed hydra bites you!
* * * LOW HITPOINT WARNING * * *
The seven-headed hydra bites you.
* * * LOW HITPOINT WARNING * * *
The seven-headed hydra bites you.
* * * LOW HITPOINT WARNING * * *
The seven-headed hydra bites you.
* * * LOW HITPOINT WARNING * * *
The seven-headed hydra bites you!
You die...

########h
#........
#h######. ##.#
#hh# ##☼##
#.○○# ##D##
##♣♣♣##@#
##≈♣≈....#
#P≈≈≈P...#
#≈≈≈P....##
♣≈≈≈.....#
#≈≈≈....##
##≈♣≈...#######
#≈####........#
## #####.#..##


You could see a seven-headed hydra and 3 wolves.

Vanquished Creatures
  Josephine (D:10)
  Fannar (D:10)
  Erica (D:10)
  3 two-headed ogres
  Joseph (Lair:1)
  A black mamba (Lair:1)
  5 cane toads
  2 komodo dragons
  A troll (D:8)
  A hornet (D:8)
  5 wraiths
  Grum (D:10)
  3 water moccasins
  2 orc warriors
  4 sky beasts
  2 black bears
  2 necrophages
  4 ice beasts
  3 wolves (D:10)
  5 ogres
  3 phantoms
  3 centaurs
  8 bullfrogs
  A water moccasin zombie (D:8)
  A wyvern skeleton (D:10)
  A water moccasin skeleton (D:9)
  4 scorpions
  7 wights
  2 howler monkeys
  3 electric eels (D:8)
  2 jellies
  A quasit (D:7)
  2 hounds
  2 orc priests
  A gnoll shaman (D:4)
  An iguana (D:9)
  7 orc wizards
  7 worker ants
  A killer bee zombie (D:8)
  A hound skeleton (D:7)
  9 gnolls
  7 adders
  A howler monkey skeleton (D:5)
  A shadow imp (D:5)
  3 white imps
  4 oozes
  2 adder skeletons
  6 worms
  9 leopard geckos
  22 orcs
  3 ball pythons
  9 bats
  6 giant cockroaches
  5 goblins
  4 hobgoblins
  10 jackals
  22 kobolds
  9 quokkas
  3 frilled lizards
  A leopard gecko zombie (D:5)
  8 rats
250 creatures vanquished.

Vanquished Creatures (others)
  A white imp (D:8)
  21 fungi
  23 plants
  10 toadstools (D:2)
55 creatures vanquished.

Grand Total: 305 creatures vanquished

Notes
Turn   | Place    | Note
-------+----------+-------------------------------------------
     0 | D:1      | night the Draconian Venom Mage began the quest for the Orb.
     0 | D:1      | Reached XP level 1. HP: 14/14 MP: 3/3
   170 | D:1      | Reached XP level 2. HP: 20/20 MP: 1/5
   732 | D:1      | Reached XP level 3. HP: 18/26 MP: 2/6
   752 | D:1      | Learned a level 3 spell: Mephitic Cloud
  1595 | D:2      | Found an opulent altar of Gozag.
  1600 | D:2      | Learned a level 3 spell: Ignite Poison
  1608 | D:2      | Found a glowing silver altar of Zin.
  1608 | D:2      | Found an opulent altar of Gozag.
  1902 | D:2      | Reached skill level 3 in Spellcasting
  1902 | D:2      | Reached XP level 4. HP: 28/33 MP: 2/8
  3040 | D:3      | Reached XP level 5. HP: 38/38 MP: 5/9
  3273 | D:3      | Reached skill level 5 in Poison Magic
  4150 | D:3      | Learned a level 4 spell: Olgreb's Toxic Radiance
  4481 | D:4      | Found a shimmering altar of Xom.
  4487 | D:4      | Noticed an ogre
  4490 | D:4      | Killed an ogre
  4491 | D:4      | Reached skill level 4 in Spellcasting
  4491 | D:4      | Reached XP level 6. HP: 45/45 MP: 3/12
  5097 | D:4      | Your scales start taking on a golden yellow colour.
  5097 | D:4      | Reached XP level 7. HP: 50/50 MP: 5/13
  5097 | D:4      | Gained mutation: You are resistant to acid. (rCorr) [Yellow
                  | Draconian growth]
  5383 | D:5      | Entered Level 5 of the Dungeon
  5397 | D:5      | Found a shimmering blue altar of Sif Muna.
  5409 | D:5      | Became a worshipper of Sif Muna the Loreminder
  5551 | D:5      | Found an ancient bone altar of Kikubaaqudgha.
  5551 | D:5      | Found a sacrificial altar of Ru.
  5668 | D:5      | Found a runed translucent gate.
  5668 | D:5      | Found a runed translucent gate.
  5669 | D:5      | Found a runed translucent gate.
  5669 | D:5      | Found an opulent altar of Gozag.
  5672 | D:5      | Noticed mopl's ghost (amateur DsEn)
  5750 | D:5      | Found Ninekk's Distillery.
  5758 | D:5      | Bought a potion of curing for 39 gold pieces
  5758 | D:5      | Bought a potion of heal wounds for 65 gold pieces
  5823 | D:5      | Reached skill level 5 in Spellcasting
  6240 | D:5      | Found a shimmering altar of Xom.
  6479 | D:5      | Found a staircase to the Ecumenical Temple.
  6582 | D:5      | Found a hazy altar of Hepliaklqana.
  6704 | D:5      | Found Jaegorgh's Gadget Shop.
  6729 | D:5      | Found Zueqer's Armour Shoppe.
  7023 | D:6      | Reached XP level 8. HP: 57/57 MP: 7/15
  8301 | D:6      | Reached skill level 6 in Spellcasting
  8319 | D:6      | Reached * piety under Sif Muna
  9149 | D:7      | Reached skill level 10 in Poison Magic
  9149 | D:7      | Reached XP level 9. HP: 47/62 MP: 4/19
  9189 | D:7      | Reached skill level 7 in Spellcasting
  9471 | D:7      | Found a runed translucent gate.
  9472 | D:7      | Found a runed translucent gate.
  9473 | D:7      | Found a runed translucent gate.
  9741 | D:7      | Found Orar's Gadget Shop.
  9826 | D:7      | Noticed Pevabim's ghost (novice SpEn)
  9866 | D:7      | Reached skill level 8 in Spellcasting
  9916 | D:7      | Found a burning altar of Makhleb.
 10117 | D:8      | Noticed a two-headed ogre
 10123 | D:8      | Killed a two-headed ogre
 10124 | D:8      | Reached skill level 9 in Spellcasting
 10206 | D:8      | Noticed a two-headed ogre
 10209 | D:8      | Reached ** piety under Sif Muna
 10213 | D:8      | Killed a two-headed ogre
 10214 | D:8      | Reached skill level 10 in Spellcasting
 10214 | D:8      | Reached XP level 10. HP: 69/69 MP: 6/24
 10365 | D:8      | Found a sparkling altar of Nemelex Xobeh.
 10541 | D:8      | Found a runed translucent door.
 10543 | D:8      | Noticed denisd0's ghost (novice OpEE)
 10670 | D:8      | Found a staircase to the Lair.
 10831 | D:8      | Reached skill level 1 in Fighting
 10958 | D:8      | Reached skill level 1 in Ice Magic
 10976 | D:8      | Reached skill level 1 in Shields
 11602 | D:8      | Found a glowing golden altar of the Shining One.
 11603 | D:8      | Found a white marble altar of Elyvilon.
 12209 | D:9      | Found a stormy altar of Qazlal.
 12226 | D:9      | Reached *** piety under Sif Muna
 12659 | D:10     | Entered Level 10 of the Dungeon
 12883 | D:10     | Noticed Grum
 12890 | D:10     | Killed Grum
 13131 | D:10     | Noticed Josephine
 13142 | D:10     | Killed Josephine
 13143 | D:10     | Reached skill level 11 in Spellcasting
 13352 | D:10     | Noticed a two-headed ogre
 13560 | D:10     | Noticed Erica
 13568 | D:10     | Killed Erica
 13569 | D:10     | Reached XP level 11. HP: 84/84 MP: 17/26
 13696 | D:10     | Killed a two-headed ogre
 13904 | D:10     | Noticed Fannar
 13913 | D:10     | Killed Fannar
 14002 | D:10     | Found Wibrunil's Armour Boutique.
 14306 | Lair:1   | Entered Level 1 of the Lair of Beasts
 14306 | Lair:1   | Noticed Joseph
 14318 | Lair:1   | Killed Joseph
 14324 | D:8      | Reached **** piety under Sif Muna
 14825 | D:8      | Reached skill level 5 in Fighting
 14928 | Lair:1   | Noticed an oklob plant
 14941 | Lair:1   | Noticed an oklob plant
 14941 | Lair:1   | Noticed an oklob plant
 14978 | Lair:1   | HP: 2/88 [cane toad (6)]
 14980 | Lair:1   | Reached skill level 5 in Dodging
 15456 | Lair:1   | Noticed an oklob plant
 15738 | Lair:1   | Reached skill level 1 in Invocations
 15794 | Lair:1   | Noticed an eight-headed hydra
 15807 | Lair:1   | HP: 4/89 [seven-headed hydra (5)]
 15807 | Lair:1   | Mangled by a seven-headed hydra

Illustrated notes

Levels and vault maps discovered:
D:1:      amcnicky_arrival_blooded_trapdoor, layout_basic, minmay_bisected
D:2:      cheibrodos_fertilizer, layout_basic,
          grunt_temple_overflow_gold_and_silver, grunt_gozag_statues
D:3:      layout_basic
D:4:      layout_gridville, nicolae_overflow_hidden_temple, serial_bayou_lake_a
D:5:      layout_basic, led_sif_book, nzn_hepliaklqana_mist_gate,
          amethyst_overflow_temple_binary, minmay_temple_entry_glassed_door,
          serial_shops, kennysheep_mini_moat, shop_statue, shop_statue,
          ebering_ghost_gozag, grunt_decor_resistance, xom_teletrap_fun
D:6:      layout_rooms
D:7:      layout_basic, makhleb_blood_cavern_becter, gammafunk_ghost_icy,
          serial_shops, shop
D:8:      layout_loops_ring, nemelex_xobeh_ov_fountains_minmay,
          gammafunk_temple_overflow_pools, grunt_lair_entry_orc_guard_hut,
          hellmonk_ghost_happy_afterlife, minivault_4,
          kennysheep_generic_room_11
D:9:      layout_basic, grunt_qazlal_clouds
D:10:     wander_river, layout_loops_corners, serial_shops,
          nicolae_shop_window_shopping, solitary_fountain, uniq_grum,
          uniq_erica, uniq_fannar, uniq_josephine
Lair:1:   layout_loops_ring, gammafunk_ghost_cemetery,
          nzn_masters_of_martial_movement, serial_bayou_shore_b,
          minmay_lair_oklob_chamber, uniq_joseph

Skill      XL: |  1  2  3  4  5  6  7  8  9 10 11 |
---------------+----------------------------------+-----
Poison Magic   | 4 6 8 10 | 10.0
Spellcasting   | 3 4 5 6 10 11 | 11.5
Dodging        | 3 5 |  5.2
Fighting       | 4 5 |  5.7
Ice Magic      | 3 4 |  4.9
Shields        | 3 4 |  4.9
Invocations    | 1 |  1.2
Stealth        | |  1.7
Transmutations | |  1.0

Action                   |  1- 3 |  4- 6 |  7- 9 | 10-12 || total
-------------------------+-------+-------+-------+-------++-------
Melee: Unarmed           |    34 |       |       |       ||    34
       Tailslap          |     5 |     6 |    18 |    11 ||    40
       Short sword       |     3 |    26 |       |       ||    29
       Dagger            |       |    26 |    39 |       ||    65
       Long sword        |       |       |    24 |       ||    24
       Hand axe          |       |       |   101 |    45 ||   146
       Scimitar          |       |       |       |    64 ||    64
 Cast: Sting             |    68 |    88 |    60 |    67 ||   283
       Olgreb's Toxic Ra |       |     5 |    20 |    30 ||    55
       Ignite Poison     |       |     3 |    25 |    39 ||    67
       Mephitic Cloud    |       |     2 |    11 |    15 ||    28
Invok: Channel Magic     |       |       |       |     1 ||     1
 Abil: Breathe Acid      |       |       |     7 |     3 ||    10
Evoke: Wand              |       |       |       |     7 ||     7
  Use: Scroll            |       |     8 |       |    13 ||    21
       Potion            |       |       |       |     1 ||     1
 Stab: Sleeping          |       |       |     1 |     3 ||     4
Armor: Skin              |    21 |    24 |    87 |    88 ||   220
Dodge: Dodged            |    41 |    63 |   162 |   151 ||   417
Block: Buckler           |       |       |       |     3 ||     3
       Rpst.: Long sword |       |       |    12 |       ||    12
       Scimitar          |       |       |       |    32 ||    32
